%YAML 1.1
%TAG !u! tag:unity3d.com,2011:
--- !u!1 &124702
GameObject:
  m_ObjectHideFlags: 0
  m_PrefabParentObject: {fileID: 0}
  m_PrefabInternal: {fileID: 100100000}
  serializedVersion: 4
  m_Component:
  - 4: {fileID: 473310}
  - 114: {fileID: 11400726}
  - 114: {fileID: 11402842}
  m_Layer: 0
  m_Name: Player
  m_TagString: Untagged
  m_Icon: {fileID: 0}
  m_NavMeshLayer: 0
  m_StaticEditorFlags: 0
  m_IsActive: 1
--- !u!4 &473310
Transform:
  m_ObjectHideFlags: 1
  m_PrefabParentObject: {fileID: 0}
  m_PrefabInternal: {fileID: 100100000}
  m_GameObject: {fileID: 124702}
  m_LocalRotation: {x: 0, y: 0, z: 0, w: 1}
  m_LocalPosition: {x: 0, y: 0, z: 0}
  m_LocalScale: {x: 1, y: 1, z: 1}
  m_LocalEulerAnglesHint: {x: 0, y: 0, z: 0}
  m_Children: []
  m_Father: {fileID: 0}
  m_RootOrder: 0
--- !u!114 &11400726
MonoBehaviour:
  m_ObjectHideFlags: 1
  m_PrefabParentObject: {fileID: 0}
  m_PrefabInternal: {fileID: 100100000}
  m_GameObject: {fileID: 124702}
  m_Enabled: 1
  m_EditorHideFlags: 0
  m_Script: {fileID: 11500000, guid: 97ccaa3779ee2414d974edeef0162ba8, type: 3}
  m_Name: 
  m_EditorClassIdentifier: 
  youWin: {fileID: 21300000, guid: ca82d3869d6eb4e19b20f005bcfecb95, type: 3}
  youLose: {fileID: 21300000, guid: c2007166d06f74d3bbf1e2e60a2845c9, type: 3}
  healthbarEmpty: {fileID: 2800000, guid: 044a7b1210f354c4c80e00583f12170a, type: 3}
  healthbarFull: {fileID: 2800000, guid: 21a69ad0362e7844893a139899ca78cc, type: 3}
  pos: {x: 20, y: 800}
  size: {x: 600, y: 72}
  playerName: 
  task: 0
  metaShipGO: {fileID: 0}
--- !u!114 &11402842
MonoBehaviour:
  m_ObjectHideFlags: 1
  m_PrefabParentObject: {fileID: 0}
  m_PrefabInternal: {fileID: 100100000}
  m_GameObject: {fileID: 124702}
  m_Enabled: 1
  m_EditorHideFlags: 0
  m_Script: {fileID: 372142912, guid: 870353891bb340e2b2a9c8707e7419ba, type: 3}
  m_Name: 
  m_EditorClassIdentifier: 
  m_SceneId:
    m_Value: 0
  m_AssetId:
    i0: 69
    i1: 171
    i2: 200
    i3: 200
    i4: 142
    i5: 194
    i6: 228
    i7: 248
    i8: 43
    i9: 73
    i10: 101
    i11: 187
    i12: 94
    i13: 209
    i14: 86
    i15: 255
  m_ServerOnly: 0
  m_LocalPlayerAuthority: 1
--- !u!1001 &100100000
Prefab:
  m_ObjectHideFlags: 1
  serializedVersion: 2
  m_Modification:
    m_TransformParent: {fileID: 0}
    m_Modifications: []
    m_RemovedComponents: []
  m_ParentPrefab: {fileID: 0}
  m_RootGameObject: {fileID: 124702}
  m_IsPrefabParent: 1
